 Dungeon Crawl Stone Soup version 0.27-a0-1280-g9d2d252d84 (webtiles) character file.

Game seed: 7961862535204236717

107437 Johnny the Eclecticist (level 16, -10/110 HPs)
             Began as a Deep Elf Earth Elementalist on June 13, 2021.
             Was the Champion of Dithmenos.
             Mangled by a salamander (24 damage)
             ... on level 3 of the Snake Pit.
             The game lasted 00:46:30 (30877 turns).

Johnny the Eclecticist (DEEE)                      Turns: 30877, Time: 00:46:30

Health: -10/110    AC: 16    Str:  9    XL:     16   Next: 0%
Magic:  35/39      EV: 12    Int: 27    God:    Dithmenos [******]
Gold:   1909       SH:  0    Dex: 15    Spells: 29/49 levels left

rFire    . . .     SeeInvis .   A - staff of earth
rCold    . . .     Faith    .   (no shield)
rNeg     . . .     Spirit   .   b - +2 robe {Archmagi}
rPois    +         Reflect  .   (no helmet)
rElec    +         Harm     +   h - scarf {harm}
rCorr    .         Rampage  .   S - +3 pair of gauntlets of War {Slay+5}
Will     +....                  x - +2 pair of boots of Gravitas {rElec Str+3}
Stlth    ++++......             d - amulet of magic regeneration
HPRegen  0.28/turn              g - ring of poison resistance
MPRegen  0.51/turn              w - +4 ring of protection

@: very slightly contaminated, wreathed by umbra
A: no striking features
a: Renounce Religion, Shadow Step, Shadow Form


You were on level 3 of the Snake Pit.
You worshipped Dithmenos.
Dithmenos was exalted by your worship.
You visited 5 branches of the dungeon, and saw 24 of its levels.
You also visited: Ice Cave and Volcano.

You collected 3497 gold pieces.
You spent 1588 gold pieces at shops.

Inventory:

Hand Weapons
 L - the +5 rapier "Hawnuusix" {speed, Will+++ Str+7 Stlth+}
   (You found it on level 1 of the Snake Pit)

   Attacks with this weapon are significantly faster.
   It affects your strength (+7).
   It greatly increases your willpower.
   It makes you more stealthy.
Missiles
 p - 363 stones
 K - 2 throwing nets
Armour
 b - a +2 robe of the Archmagi (worn)
 h - a scarf of harm (worn)
 n - a scarf of repulsion
 u - a +2 cloak of willpower
 x - the +2 pair of boots of Gravitas (worn) {rElec Str+3}
   (You acquired it on level 5 of the Dungeon)

   It affects your strength (+3).
   It insulates you from electricity.
 Q - the +8 orange crystal plate armour {Archmagi, Int+3 Clar}
   (You found it on level 10 of the Dungeon)

   It affects your intelligence (+3).
   It protects you against confusion.
 R - a +0 cloak of poison resistance
 S - the +3 pair of gauntlets of War (worn) {Slay+5}
   (You found it on level 11 of the Dungeon)

   It affects your accuracy and damage with ranged weapons and melee attacks
   (+5).
 T - the +18 shield of the Gong {rElec rN+ Will+ EV-5}
   (You found it on level 2 of the Snake Pit)

   It affects your evasion (-5).
   It insulates you from electricity.
   It protects you from negative energy.
   It increases your willpower.
Magical Staves
 A - a staff of earth (weapon)
 M - a staff of conjuration
Jewellery
 d - an amulet of magic regeneration (around neck)
 g - a ring of poison resistance (left hand)
 k - a ring of willpower
 w - a +4 ring of protection (right hand)
 G - an amulet of faith
 Z - the ring "Xoisuy" {Fly rN+ rCorr Int+3}
   (You acquired it on level 3 of the Lair of Beasts)

   [ring of flight]

   It affects your intelligence (+3).
   It protects you from negative energy.
   It grants you flight.
   It protects you from acid and corrosion.
Wands
 l - a wand of iceblast (1)
 P - a wand of paralysis (8)
Scrolls
 f - 2 scrolls of torment
 i - 2 scrolls of fog
 m - 12 scrolls of teleportation
 q - 6 scrolls of vulnerability
 r - 8 scrolls of magic mapping
 s - 4 scrolls of noise
 y - 3 scrolls of amnesia {unknown}
 B - a scroll of brand weapon {unknown}
 C - 2 scrolls of enchant weapon {unknown}
 E - 3 scrolls of holy word {unknown}
 J - 2 scrolls of enchant armour
 W - 3 scrolls of immolation {unknown}
 Y - a scroll of summoning {unknown}
Potions
 a - 5 potions of might
 c - 4 potions of brilliance
 e - 5 potions of curing
 j - a potion of lignification
 o - 5 potions of resistance
 t - 2 potions of berserk rage {unknown}
 v - 3 potions of attraction
 z - 2 potions of cancellation
 D - a potion of flight {unknown}
 F - a potion of mutation {unknown}
 H - 3 potions of heal wounds
 I - 2 potions of haste
 O - 2 potions of magic {unknown}
Miscellaneous
 U - a condenser vane
 V - a lightning rod (4/4)
 X - a phantom mirror


   Skills:
 * Level 16.0 Fighting
 + Level 9.0 Armour
 - Level 2.4 Dodging
 - Level 2.4 Stealth
 + Level 1.6 Shields
 + Level 17.3 Spellcasting
 - Level 1.1 Transmutations
 - Level 13.5 Earth Magic


You had 29 spell levels left.
You knew the following spells:

 Your Spells              Type           Power      Damage    Failure   Level
a - Sandblast             Erth           100%       2d20      0%          1
b - Stone Arrow           Conj/Erth      100%       3d13      1%          3
c - Lee's Rapid Deconstr  Erth           60%        3d29*     1%          5
d - Petrify               Tmut/Erth      97%        N/A       1%          4
e - Blink                 Tloc           N/A        N/A       3%          2
f - Borgnjor's Vile Clut  Necr/Erth      47%        N/A       3%          5

Your spell library contained the following spells:

 Spells                   Type           Power      Damage    Failure   Level
 Animate Skeleton         Necr           70%        N/A       1%          1
 Apportation              Tloc           70%        N/A       1%          1
 Corona                   Hex            38%        N/A       1%          1
 Foxfire                  Conj/Fire      100%       2x1d9     1%          1
 Freeze                   Ice            100%       1d11      1%          1
 Magic Dart               Conj           100%       1d8       1%          1
 Summon Small Mammal      Summ           100%       N/A       1%          1
 Passwall                 Tmut/Erth      80%        N/A       1%          2
 Call Imp                 Summ           35%        N/A       3%          2
 Corpse Rot               Necr/Air       N/A        N/A       3%          2
 Slow                     Hex            35%        N/A       3%          2
 Call Canine Familiar     Summ           35%        N/A       6%          3
 Conjure Flame            Conj/Fire      35%        6-21      6%          3
 Frozen Ramparts          Ice            70%        1d9       6%          3
 Inner Flame              Hex/Fire       35%        N/A       6%          3
 Lesser Beckoning         Tloc           17%        N/A       6%          3
 Mephitic Cloud           Conj/Pois/Air  35%        N/A       6%          3
 Ozocubu's Armour         Ice            35%        N/A       6%          3
 Summon Guardian Golem    Hex/Summ       35%        N/A       6%          3
 Tukima's Dance           Hex            35%        N/A       6%          3
 Statue Form              Tmut/Erth      64%        N/A       16%         6
 Animate Dead             Necr           17%        N/A       21%         4
 Cause Fear               Hex            17%        N/A       21%         4
 Hailstorm                Conj/Ice       35%        3d9       21%         4
 Sticky Flame             Conj/Fire      35%        2d5       21%         4
 Summon Ice Beast         Ice/Summ       35%        N/A       21%         4
 Summon Lightning Spire   Summ/Air       35%        N/A       21%         4
 Alistair's Intoxication  Tmut/Pois      26%        N/A       41%         5
 Irradiate                Conj/Tmut      19%        3d19      41%         5
 Yara's Violent Unravell  Hex/Tmut       19%        3d9       41%         5
 Fireball                 Conj/Fire      17%        3d9       50%         5
 Metabolic Englaciation   Hex/Ice        17%        N/A       50%         5
 Silence                  Hex/Air        17%        N/A       50%         5
 Summon Forest            Summ/Tloc      17%        N/A       50%         5
 Blade Hands              Tmut           22%        N/A       89%         6
 Eringya's Noxious Bog    Tmut/Pois      19%        N/A       94%         6
 Conjure Ball Lightning   Conj/Air       17%        3x3d6     97%         6
 Death Channel            Necr           17%        N/A       97%         6
 Invisibility             Hex            17%        N/A       97%         6
 Simulacrum               Ice/Necr       17%        N/A       97%         6
 Dragon Form              Tmut           22%        N/A       100%        7
 Storm Form               Tmut/Air       19%        N/A       100%        7
 Summon Hydra             Summ           17%        N/A       100%        7
 Discord                  Hex            17%        N/A       100%        8


Dungeon Overview and Level Annotations

Branches:
Dungeon (12/15)            Temple (1/1) D:4            Lair (6/6) D:9
 Shoals (0/4) Lair:4        Snake (3/4) Lair:3        Slime (0/5) Lair:5
    Orc (2/2) D:9             Elf (0/3) Orc:2         IceCv (visited)
Volcano (visited)

Altars:
Ashenzari
Cheibriados
Dithmenos
Elyvilon
Fedhas
Gozag
Hepliaklqana
Kikubaaqudgha
Makhleb
Nemelex Xobeh
Okawaru
Qazlal
Ru
Sif Muna
Trog
Uskayaw
Vehumet
Wu Jian
Xom
Yredelemnul
Zin
The Shining One
Beogh
Jiyva

Shops:
D:3 (=*(:   D:11 (   Orc:2 =[*(   Snake:1 (

Annotations:
D:8 DeathSun's ghost, novice GrGl


Message History

The salamander hits you but does no damage.
The guardian serpent shouts!
Casting: Stone Arrow (safe; 1% risk of failure)
Confirm with . or Enter, or press ? or * to list all spells.
You feel a surge of power!
You escape the naga warrior's grasp.
You blink.
The salamander wields a +0 shortbow of flaming.
It bursts into flame!
The salamander shoots an arrow.
The arrow hits you!
You emit a cloud of dark smoke.
The arrow burns you.
Casting: Blink (safe; 3% risk of failure)
Confirm with . or Enter, or press ? or * to list all spells.
Aiming: Lee's Rapid Deconstruction (mildly dangerous; 1% risk of failure)
Press: ? - help, Dir - move target A rock wall.
This square is wreathed by an umbra.
Okay, then.
Casting: Lee's Rapid Deconstruction (mildly dangerous; 1% risk of failure)
Confirm with . or Enter, or press ? or * to list all spells.
You feel a surge of power!
You miscast Blink.
You are very lightly contaminated with residual magic.
Nothing appears to happen.
The naga warrior hits you from afar with a +0 halberd!!!
* * * LOW HITPOINT WARNING * * *
You emit a cloud of dark smoke.
You hear an angry hiss. x2
Casting: Blink (safe; 3% risk of failure)
Confirm with . or Enter, or press ? or * to list all spells.
You feel a surge of power!
You blink.
A mana viper comes into view.
A black mamba comes into view.
The naga warrior roars a battlecry!
The nagas go into a battle-frenzy!
The guardian serpent hits you but does no damage.
Found a stone staircase leading up.
As you read the scroll of fear, it crumbles to dust.
You assume a fearsome visage.
The mana viper resists with almost no effort.
The black mamba looks frightened!
The guardian serpent looks frightened!
The naga mage resists with some effort.
The salamander easily resists.
The salamander unwields a +0 shortbow of flaming.
It stops flaming.
The salamander hits you!!
You die...

...# ...#
##..#
#...#
.#####...#
.<.......#
S.S......#
#§@###
#§SN.##
##§§§N##
##§N§.#
##..#.#
##....#
##..##
#... #..


You could see a salamander (strong), a mana viper, a guardian serpent (fleeing),
a black mamba (fleeing) and a naga mage (strong).

Vanquished Creatures
  Jorgrun (D:12)
  Aizul (Snake:2)
  2 very ugly things (IceCv)
  A stone giant (Volcano)
  A fire dragon (Lair:6)
  The ghost of Glokmah the Thrower, a journeyman OgHu of Dithmenos (D:9)
  A rakshasa (D:11)
  A boulder beetle (D:11)
  Erolcha (D:11)
  15 hydras
  5 naga warriors
  A centaur warrior (D:12)
  A catoblepas (Lair:6)
  4 two-headed ogres
  An anaconda (Snake:1)
  5 death yaks (Lair:6)
  A tengu warrior (D:11)
  The ghost of Morbidden the Destroyer, a novice DgCj (D:9)
  5 naga sharpshooters
  2 shock serpents (Snake:2)
  Sonja (Lair:6)
  An orc high priest (Orc:2)
  A fire crab (Lair:6)
  A mana viper (shapeshifter) (D:12)
  2 orc knights
  2 mana vipers
  A wolf spider (D:11)
  6 oklob plants
  3 manticores (D:11)
  4 ugly things
  6 orc sorcerers
  5 elephants (Lair:4)
  3 cyclopes
  4 salamanders
  4 naga magi
  A guardian serpent (Snake:2)
  4 torpor snails (Lair:2)
  18 black mambas
  5 ice statues (IceCv)
  A centaur zombie (D:11)
  4 molten gargoyles
  10 cane toads
  Maggie (D:10)
  A gargoyle (D:12)
  2 unseen horrors (D:12)
  3 kobold demonologists
  4 rime drakes
  20 komodo dragons
  An efreet (Volcano)
  2 freezing wraiths (D:11)
  A golden dragon simulacrum (IceCv)
  8 trolls
  A polar bear (Lair:4)
  4 slime creatures
  A blink frog (shapeshifter) (D:11)
  22 blink frogs
  2 dire elephant simulacra (IceCv)
  2 vampires
  6 shadows
  43 yaks
  Eustachio (D:6)
  8 wyverns
  4 wraiths
  4 fire elementals (Volcano)
  4 steam dragons
  3 vampire mosquitoes (D:12)
  2 basilisks (Lair:6)
  An iron troll simulacrum (IceCv)
  A harpy simulacrum (IceCv)
  8 nagas
  15 water moccasins
  7 wargs
  4 hydra simulacra (IceCv)
  A floating eye (Lair:3)
  4 hell hounds (Lair:6)
  7 ice beasts
  21 orc warriors
  8 black bears
  3 sky beasts (D:10)
  13 ogres
  A necrophage (D:6)
  11 centaurs
  49 wolves
  7 kobold brigands
  7 bullfrogs
  3 gnoll sergeants
  4 scorpions
  A wyvern zombie (D:6)
  21 killer bees
  4 electric eels
  5 wights (D:9)
  5 howler monkeys (D:6)
  4 crimson imps (D:5)
  5 lava snakes (Lair:6)
  7 hounds (D:6)
  A jelly (D:8)
  Crazy Yiuf (D:4)
  22 orc priests
  2 centaur skeletons (D:5)
  4 gnoll shamans
  4 iguanas
  Natasha (twice) (D:4)
  A scorpion zombie (D:5)
  43 orc wizards
  4 hell rats (Lair:6)
  5 killer bee zombies
  A hound skeleton (D:2)
  A howler monkey zombie (D:5)
  18 gnolls
  A howler monkey skeleton (D:7)
  8 adders
  3 white imps
  An ufetubus (D:4)
  A dart slug (D:5)
  82 orcs
  6 ball pythons
  7 bats
  8 endoplasms
  2 giant cockroaches
  9 goblins
  10 hobgoblins
  4 quokkas
  A frilled lizard (D:3)
  15 kobolds
  6 rats
  A bush (Lair:3)
789 creatures vanquished.

Vanquished Creatures (others)
  An orc (Orc:1)
  26 fungi
  86 plants
  7 withered plants (D:9)
120 creatures vanquished.

Grand Total: 909 creatures vanquished

Notes
Turn   | Place    | Note
-------+----------+-------------------------------------------
     0 | D:1      | Johnny the Deep Elf Earth Elementalist began the quest for
                  | the Orb.
     0 | D:1      | Reached XP level 1. HP: 10/10 MP: 6/6
   115 | D:1      | Reached XP level 2. HP: 6/16 MP: 2/8
   320 | D:1      | Reached skill level 1 in Fighting
   684 | D:1      | Reached XP level 3. HP: 20/20 MP: 6/10
   837 | D:2      | Found a basalt altar of Yredelemnul.
  1479 | D:2      | Reached XP level 4. HP: 24/26 MP: 8/11
  1600 | D:3      | Noticed an ogre
  1655 | D:3      | Killed an ogre
  1656 | D:3      | Reached skill level 4 in Spellcasting
  1656 | D:3      | Reached XP level 5. HP: 30/31 MP: 7/13
  1825 | D:3      | Found a burning altar of Makhleb.
  1943 | D:3      | Found Baozoma's Antique Weapon Shop.
  1959 | D:3      | Found Fairetob's Jewellery Shop.
  2070 | D:3      | Found Imi Xuode's Antique Weapon Boutique.
  2091 | D:3      | Learned a level 3 spell: Stone Arrow
  2237 | D:3      | Found Dimmoal's Book Boutique.
  2264 | D:3      | Found Aclun's Assorted Antiques.
  2357 | D:3      | Bought an embroidered robe for 85 gold pieces
  2540 | D:3      | Found a shimmering blue altar of Sif Muna.
  2644 | D:4      | Reached XP level 6. HP: 9/37 MP: 8/15
  2646 | D:4      | Reached skill level 5 in Spellcasting
  3021 | D:4      | Noticed Natasha
  3024 | D:4      | Killed Natasha
  3076 | D:4      | Found a sparkling altar of Nemelex Xobeh.
  3093 | D:4      | Found a staircase to the Ecumenical Temple.
  3101 | Temple   | Entered the Ecumenical Temple
  3340 | Temple   | Became a worshipper of Dithmenos the Shadowed
  3544 | D:4      | Found a runed translucent door.
  3545 | D:4      | Noticed Crazy Yiuf
  3604 | D:4      | Found a broken altar of Ashenzari.
  3719 | D:4      | Killed Crazy Yiuf
  4061 | D:4      | Noticed Natasha
  4064 | D:4      | Killed Natasha
  4073 | D:5      | Entered Level 5 of the Dungeon
  4270 | D:5      | Reached skill level 5 in Earth Magic
  4517 | D:5      | Reached XP level 7. HP: 29/43 MP: 1/17
  4713 | D:5      | Reached skill level 6 in Spellcasting
  5145 | D:5      | Identified 2 scrolls of acquirement
  5147 | D:5      | Acquired the +2 pair of boots of Gravitas {rElec Str+3}
  5162 | D:5      | Acquired 1017 gold pieces
  5226 | D:3      | Bought an amulet of magic regeneration for 330 gold pieces
  5226 | D:3      | Bought a +4 ring of protection for 396 gold pieces
  5401 | D:5      | Found a shimmering altar of Xom.
  5508 | D:5      | Reached skill level 5 in Fighting
  5508 | D:5      | Reached * piety under Dithmenos
  5680 | D:6      | Reached XP level 8. HP: 49/49 MP: 11/20
  5687 | D:6      | Learned a level 5 spell: Lee's Rapid Deconstruction
  5692 | D:6      | Learned a level 4 spell: Petrify
  5795 | D:6      | Reached skill level 7 in Spellcasting
  6033 | D:6      | Reached ** piety under Dithmenos
  6282 | D:6      | Reached skill level 8 in Spellcasting
  6397 | D:6      | Noticed Eustachio
  6404 | D:6      | Killed Eustachio
  6405 | D:6      | Reached XP level 9. HP: 56/56 MP: 11/23
  6542 | D:6      | Noticed a cyclops
  6546 | D:6      | Killed a cyclops
  6547 | D:6      | Reached skill level 9 in Spellcasting
  7167 | D:6      | Reached *** piety under Dithmenos
  7170 | D:6      | Reached XP level 10. HP: 65/65 MP: 6/25
  7454 | D:7      | Reached skill level 10 in Spellcasting
  8720 | D:8      | Reached **** piety under Dithmenos
  8910 | D:8      | Found a stormy altar of Qazlal.
  9168 | D:9      | Found a glowing silver altar of Zin.
  9292 | D:9      | Reached skill level 11 in Spellcasting
  9471 | D:9      | Found a staircase to the Lair.
  9480 | D:9      | Reached skill level 10 in Fighting
  9722 | D:9      | Found a staircase to the Orcish Mines.
  9728 | D:9      | Reached XP level 11. HP: 72/72 MP: 22/28
  9818 | D:9      | Identified the +1 robe "Bixoixke" {rElec Int+3 Dex+4}
  9873 | D:9      | Found an ancient bone altar of Kikubaaqudgha.
  9901 | D:9      | Found a runed translucent gate.
  9908 | D:9      | Found a runed translucent gate.
  9909 | D:9      | Found a runed translucent gate.
  9916 | D:9      | Noticed Glokmah's ghost (journeyman OgHu)
  9916 | D:9      | Noticed DeathSun's ghost (novice GrGl)
  9917 | D:9      | Noticed Morbidden's ghost (novice DgCj)
  9925 | D:9      | Reached skill level 10 in Earth Magic
 10149 | D:9      | Reached ***** piety under Dithmenos
 10325 | D:9      | Identified the +9 mace of Noasyamu {flame, Str+2}
 10415 | D:9      | Killed Morbidden's ghost
 10416 | D:9      | Killed Glokmah's ghost
 10833 | D:9      | Identified the ring "Fucsuweo" {Will+ Dex+4 Slay+3}
 10867 | D:10     | Entered Level 10 of the Dungeon
 11043 | D:10     | Found an ornate altar of the Wu Jian Council.
 11058 | D:10     | Noticed a four-headed hydra
 11063 | D:10     | Killed a four-headed hydra
 11137 | D:10     | Found the +8 orange crystal plate armour {Archmagi, Int+3
                  | Clar}
 11175 | D:10     | Reached skill level 12 in Spellcasting
 11231 | D:10     | Found a snail-covered altar of Cheibriados.
 11338 | D:10     | Noticed Maggie
 11342 | D:10     | Killed Maggie
 11496 | D:10     | Noticed a seven-headed hydra
 11500 | D:10     | Killed a seven-headed hydra
 11798 | D:10     | Found a white marble altar of Elyvilon.
 11798 | D:10     | Found a bloodstained altar of Trog.
 11871 | D:10     | Learned a level 2 spell: Blink
 11877 | D:10     | Learned a level 5 spell: Borgnjor's Vile Clutch
 11945 | D:11     | Reached skill level 1 in Armour
 12039 | D:11     | Noticed Erolcha
 12042 | D:11     | Killed Erolcha
 12043 | D:11     | Reached XP level 12. HP: 51/80 MP: 1/30
 12267 | D:11     | Noticed a rakshasa
 12281 | D:11     | Killed a rakshasa
 12347 | D:11     | Identified the +0 pair of boots of the Black Skies {Dex+2}
 12644 | D:11     | Noticed a boulder beetle
 12645 | D:11     | Found the +3 pair of gauntlets of War {Slay+5}
 12645 | D:11     | Noticed a six-headed hydra
 12646 | D:11     | Killed a six-headed hydra
 12647 | D:11     | Killed a tengu warrior
 12648 | D:11     | Reached skill level 13 in Spellcasting
 12649 | D:11     | Killed a boulder beetle
 12650 | D:11     | Killed a two-headed ogre
 13317 | D:11     | Found Jimer's Antique Weapon Emporium.
 13627 | D:11     | Identified the +6 rapier of the Spinneret {speed, rPois
                  | rC+}
 13643 | D:11     | Noticed a two-headed ogre
 13645 | D:11     | Killed a two-headed ogre
 14162 | D:12     | Found a faded altar of an unknown god.
 14289 | D:12     | Noticed an eight-headed hydra
 14295 | D:12     | Killed an eight-headed hydra
 14626 | D:12     | Reached XP level 13. HP: 40/87 MP: 17/32
 15023 | D:12     | Reached skill level 14 in Spellcasting
 15442 | D:12     | Noticed Jorgrun
 15452 | D:12     | Killed Jorgrun
 15453 | D:12     | Reached skill level 5 in Armour
 16139 | Orc:1    | Entered Level 1 of the Orcish Mines
 16296 | Orc:2    | Entered Level 2 of the Orcish Mines
 16317 | Orc:2    | Reached ****** piety under Dithmenos
 17157 | Orc:2    | Found Kaqigel's Assorted Antiques.
 17157 | Orc:2    | Found Jaomuhis's Weapon Shoppe.
 17158 | Orc:2    | Found Cais's Antique Armour Emporium.
 17162 | Orc:2    | Found Veach's Jewellery Emporium.
 17165 | Orc:2    | Bought a potion of lignification for 72 gold pieces
 17165 | Orc:2    | Bought a scroll of teleportation for 72 gold pieces
 17165 | Orc:2    | Bought a scroll of identify for 48 gold pieces
 17165 | Orc:2    | Bought a potion of heal wounds for 120 gold pieces
 17170 | Orc:2    | Bought a colourful robe for 193 gold pieces
 17170 | Orc:2    | Identified the +1 robe of Patience {rElec rF- rC+} (You
                  | bought it in a shop on level 2 of the Orcish Mines)
 17170 | Orc:2    | Bought a glowing scarf for 272 gold pieces
 18111 | Orc:2    | Found a staircase to the Elven Halls.
 18452 | Lair:1   | Entered Level 1 of the Lair of Beasts
 19400 | Lair:2   | Found a snail-covered altar of Cheibriados.
 19507 | Lair:2   | Found a dark tunnel.
 19520 | Volcano  | Entered a volcano
 19594 | Volcano  | Found a radiant altar of Vehumet.
 19598 | Volcano  | Reached XP level 14. HP: 88/95 MP: 24/34
 19633 | Volcano  | Noticed a stone giant
 19640 | Volcano  | Killed a stone giant
 19669 | Volcano  | Reached skill level 15 in Spellcasting
 20072 | Lair:2   | Found a snail-covered altar of Cheibriados.
 21065 | Lair:3   | Found a staircase to the Snake Pit.
 21067 | Lair:3   | Acquired the ring "Xoisuy" {Fly rN+ rCorr Int+3}
 21373 | Lair:3   | Paralysed by a floating eye for 2 turns
 22364 | Lair:4   | Found a staircase to the Shoals.
 22427 | Lair:4   | Found a shimmering blue altar of Sif Muna.
 23887 | Lair:4   | Identified the +6 whip of Omasaxu {venom, rCorr}
 24199 | Lair:5   | Found a staircase to the Slime Pits.
 24199 | Lair:5   | Found a viscous altar of Jiyva.
 25245 | Lair:6   | Entered Level 6 of the Lair of Beasts
 25262 | Lair:6   | Reached skill level 16 in Spellcasting
 25621 | Lair:6   | Reached XP level 15. HP: 101/101 MP: 21/37
 26009 | Lair:6   | Reached skill level 15 in Fighting
 26093 | Lair:6   | Noticed Sonja
 26096 | Lair:6   | Killed Sonja
 26487 | Lair:6   | Found a large runed translucent door.
 26487 | Lair:6   | Found a large runed translucent door.
 27459 | Snake:1  | Entered Level 1 of the Snake Pit
 27503 | Snake:1  | Found Ecegeoqo's Antique Weapon Shoppe.
 27629 | Snake:1  | Found a frozen archway.
 27660 | IceCv    | Entered an ice cave
 28236 | IceCv    | Reached skill level 17 in Spellcasting
 28321 | IceCv    | Identified the +3 scale mail of Demons {rN+++ Regen+ Str-5
                  | Slay+6}
 28931 | Snake:1  | Identified the +5 rapier "Hawnuusix" {speed, Will+++ Str+7
                  | Stlth+}
 29380 | Snake:2  | Found the +18 shield of the Gong {rElec rN+ Will+ EV-5}
 29689 | Snake:2  | Reached skill level 1 in Shields
 30172 | Snake:2  | Noticed Aizul
 30183 | Snake:2  | Killed Aizul
 30738 | Snake:2  | Reached XP level 16. HP: 110/110 MP: 33/39
 30877 | Snake:3  | Mangled by a salamander

Illustrated notes

Levels and vault maps discovered:
D:1:      minmay_arrival_five_plusses, layout_rooms, minivault_19
D:2:      layout_basic, basic_altar
D:3:      layout_basic, lemuel_coloured_pillars_altar, old_standard_altar,
          serial_shops, shop, shop, shop, shop, shop_statue
D:4:      layout_rooms, amcnicky_altar_gilded, kennysheep_mini_moat,
          minmay_temple_entry_offerings, uniq_crazy_yiuf_cottage, uniq_natasha
D:5:      layout_loops_corners, led_xom_imps
D:6:      lemuel_castle_with_subvaults [lemuel_castle_interior_original],
          layout_gridville, uniq_eustachio
D:7:      layout_cave_pools, chequers_serial_rivers_micro_c,
          minmay_fountain_box, fountainhead
D:8:      layout_gridville, nicolae_qazlal_general_emergency, special_room
          [special_room_orc], hangedman_abyss_or_decor_stabs
D:9:      layout_stronghold, kennysheep_little_box, kiku_gazebo_garden_becter,
          minmay_lair_entry_grove, minmay_orc_entry_guard_dogs,
          gammafunk_ghost_cemetery
D:10:     layout_stronghold, overflow_temple_1_default,
          amethyst_overflow_temple_binary, cheibriados_altar_1,
          small_chamber_with_monster, hangedman_misty_isle, uniq_maggie
D:11:     layout_basic, serial_shops, shop,
          minmay_the_grid_square_5x5_3x3_mashed [minmay_the_grid_square_5x5_c,
          minmay_the_grid_square_5x5_v, minmay_the_grid_square_5x5_gyroscope,
          minmay_the_grid_square_5x5_shrine1,
          minmay_the_grid_square_5x5_megaprize_crossed,
          minmay_the_grid_square_5x5_n_small,
          minmay_the_grid_square_5x5_six_small, minmay_the_grid_square_5x5_n,
          minmay_the_grid_square_5x5_dogpile], uniq_erolcha
D:12:     hangedman_cross_stitches, layout_cave_pods, serial_column_ruins,
          column_ruins_temple_circle, column_ruins_corridor_straight,
          column_ruins_open_tiny, column_ruins_open_tiny,
          column_ruins_corridor_straight, column_ruins_grid_3,
          column_ruins_grid_4, serial_bayou_lake_a, uniq_jorgrun
Temple:   jpeg_temple_alley_garden
Lair:1:   layout_long_grid
Lair:2:   layout_small_grid, basic_altar, nicolae_volcano_entry_lava_flow,
          minmay_stone_trees_medium, kennysheep_snail_temple,
          minmay_lair_oklob_chamber, serial_bayou_shore_b, lemuel_fruit_tree,
          serial_bayou_shore_b
Lair:3:   layout_gridlike, dummy_snake_entry, disabler_island
Lair:4:   layout_layer_cave, elwin_shoals_entry_rocks, basic_altar,
          minivault_11, grunt_forest_large_clearings
Lair:5:   layout_cave_pods, slime_altar_1, grunt_megastairs_4,
          lemuel_fruit_fields, infiniplex_staircase_pool_2
Lair:6:   cheibrodos_lair_end_hotspot, layout_hall_layers, uniq_sonja
Snake:1:  layout_misc_corridors, portal_ice_cave_entry_pillars_1, serial_shops,
          nicolae_shop_trees, serial_bayou_pond_d, serial_bayou_shore_b
Snake:2:  layout_honeycomb, grunt_megastairs_5, uniq_aizul
Snake:3:  layout_concentric_octagons, serial_shops, nicolae_shop_window_shopping
Orc:1:    layout_diamond_mine
Orc:2:    st_orc_mages, layout_caves

Skill      XL: |  1  2  3  4  5  6  7  8  9 10 11 12 13 14 15 |
---------------+----------------------------------------------+-----
Fighting       | 1 2 3 4 5 6 8 10 11 12 13 14 16 | 16.0
Spellcasting   | 4 5 6 8 9 11 12 13 14 16 17 | 17.3
Earth Magic    | 4 5 6 7 8 9 11 12 13 | 13.5
Armour         | 1 4 6 7 9 |  9.0
Shields        | 1 |  1.6
Dodging        | |  2.4
Stealth        | |  2.4
Transmutations | |  1.1

Action                   |  1- 3 |  4- 6 |  7- 9 | 10-12 | 13-15 | 16-18 || total
-------------------------+-------+-------+-------+-------+-------+-------++-------
Melee: Unarmed           |     3 |       |       |       |       |       ||     3
       Staff             |     7 |    37 |    10 |     1 |       |       ||    55
       Short sword       |       |       |    15 |    24 |       |       ||    39
       Rapier            |       |       |       |       |    67 |       ||    67
 Cast: Sandblast         |    50 |    63 |    58 |    62 |   166 |       ||   399
       Stone Arrow       |       |    10 |    80 |   194 |   494 |       ||   778
       Lee's Rapid Decon |       |       |     4 |    62 |   138 |       ||   204
       Petrify           |       |       |       |     7 |    18 |       ||    25
       Blink             |       |       |       |       |     2 |     2 ||     4
Invok: Shadow Step       |       |       |       |       |     1 |       ||     1
Evoke: Wand              |       |       |       |     6 |    62 |       ||    68
       Condenser vane    |       |       |       |       |     2 |       ||     2
       Lightning rod     |       |       |       |       |     3 |       ||     3
  Use: Scroll            |       |     6 |     7 |     2 |    10 |     1 ||    26
       Potion            |       |       |       |    11 |       |       ||    11
 Stab: Sleeping          |       |     1 |       |       |     2 |       ||     3
Armor: Robe              |     6 |    11 |    20 |    95 |   242 |     2 ||   376
       Skin              |       |       |       |    21 |       |       ||    21
Dodge: Dodged            |    11 |    54 |    31 |   157 |   278 |       ||   531

Table legend: (Time is in decaauts)
 A = Elapsed time spent in this place.
 B = Non-inter-level travel time spent in this place.
 C = Inter-level travel time spent in this place.
 D = Time resting spent in this place.
 E = Time spent auto-exploring this place.
 F = Levels seen in this place.
 G = Mean time per level.
                   A        B        C        D        E       F      G
               +--------+--------+--------+--------+--------+-----+--------+
         Total |  30967 |  29714 |   1253 |   6949 |  18119 |  26 | 1191.0 |
       Dungeon |  15952 |  15281 |    671 |   3286 |   9716 |  12 | 1329.3 |
        Temple |    276 |    186 |     90 |      0 |    184 |   1 |  276.0 |
          Lair |   8598 |   8237 |    361 |   1392 |   5666 |   6 | 1433.0 |
     Snake Pit |   2712 |   2668 |     44 |    543 |   1703 |   3 |  904.0 |
  Orcish Mines |   2296 |   2210 |     86 |    965 |    770 |   2 | 1148.0 |
      Ice Cave |    706 |    706 |      0 |    548 |      0 |   1 |  706.0 |
       Volcano |    423 |    423 |      0 |    215 |     80 |   1 |  423.0 |
               +--------+--------+--------+--------+--------+-----+--------+

Top non-repeatable levels by time:
    D:11: 2091 daAuts
    D:12: 2088 daAuts
  Lair:6: 2084 daAuts
  Lair:4: 1734 daAuts
     D:6: 1656 daAuts
     D:9: 1632 daAuts
 Snake:2: 1603 daAuts
   Orc:2: 1540 daAuts
     D:5: 1538 daAuts
  Lair:5: 1419 daAuts
  Lair:2: 1302 daAuts
  Lair:3: 1224 daAuts
     D:4: 1206 daAuts
    D:10: 1139 daAuts
 Snake:1: 1103 daAuts
